 Dungeon Crawl Stone Soup version 0.25-a0-299-gced51cc (webtiles) character file.

Game seed: 7555665671935156781, levelgen mode: deterministic

256 15 the Conjurer (level 6, 0/34 HPs)
             Began as a Tengu Conjurer on Dec 19, 2019.
             Slain by a worker ant (2 damage)
             ... on level 4 of the Dungeon.
             The game lasted 00:20:00 (4320 turns).

15 the Conjurer (Tengu Conjurer)                    Turns: 4320, Time: 00:20:01

Health: 0/34       AC:  4    Str: 10    XL:     6   Next: 15%
Magic:  10/10      EV: 15    Int: 15    God:
Gold:   194        SH:  0    Dex: 15    Spells: 4/10 levels left

rFire    . . .     SeeInvis .   x - +0 great sword
rCold    . . .     Gourm    .   (shield currently unavailable)
rNeg     . . .     Faith    .   a - +0 robe
rPois    .         Spirit   .   (helmet restricted)
rElec    .         Reflect  .   f - +0 cloak
rCorr    .         Harm     .   k - +0 pair of gloves
MR       .....                  (boots unavailable)
Stlth    ++........             (no amulet)
HPRegen  0.11/turn              (no ring)
MPRegen  0.12/turn              (no ring)

@: lethally poisoned (0 -> -7), flying quickly and evasively, quick
A: beak, talons 3, able to fly
a: Stop Flying


You were on level 4 of the Dungeon.
You were not hungry.

You visited 1 branch of the dungeon, and saw 5 of its levels.

You collected 194 gold pieces.

Inventory:

Hand Weapons
 i - a +0 spear
 n - a +0 short sword of electrocution
 r - a +0 rapier
 x - a +0 great sword (weapon)
Missiles
 e - 113 stones (quivered)
 h - 37 bolts
Armour
 a - a +0 robe (worn)
 f - a +0 cloak (worn)
 k - a +0 pair of gloves (worn)
 v - a +0 buckler
Scrolls
 b - 2 scrolls of teleportation
 l - a scroll of magic mapping
 q - a scroll of fog {unknown}
 s - a scroll of fear {unknown}
 t - 4 scrolls of remove curse {unknown}
 w - a scroll of identify
Potions
 j - 4 potions of ambrosia
 m - 2 potions of might {unknown}
 o - a potion of flight {unknown}
 u - a potion of mutation {unknown}
Comestibles
 c - 4 rations


   Skills:
 * Level 1.6 Fighting
 + Level 1.1(1.2) Short Blades
 + Level 0.2(0.8) Long Blades
 * Level 2.7 Armour
 * Level 2.6 Dodging
 + Level 3.3 Stealth
 + Level 0.1 Unarmed Combat
 + Level 2.5 Spellcasting
 + Level 6.4 Conjurations
 * Level 0.5 Hexes


You had 4 spell levels left.
You knew the following spells:

 Your Spells              Type           Power        Failure   Level  Hunger
a - Magic Dart            Conj           ###.         1%          1    #......
b - Searing Ray           Conj           ###...       2%          2    ###....
c - Dazzling Flash        Conj/Hex       ##....       16%         3    ###....

Your spell library contained the following spells:

 Spells                   Type           Power        Failure   Level  Hunger
 Shock                    Conj/Air       ##..         5%          1    #......
 Fulminant Prism          Conj/Hex       ##........   45%         4    #####..
 Iskenderun's Mystic Bla  Conj/Tloc      ##......     50%         4    #####..


Dungeon Overview and Level Annotations

Branches:
Dungeon (5/15)
 Temple: D:4-7

Altars:
Hepliaklqana
Sif Muna


Innate Abilities, Weirdness & Mutations

You have a beak for a mouth.
You have claws for feet.
You can fly continuously.


Message History

You are more poisoned.
The worker ant poisons you!
You hit the worker ant but do no damage.
You claw the worker ant.
The worker ant is moderately wounded.
You feel sick. The worker ant misses you.
You riposte.
You hit the worker ant.
You peck the worker ant, but do no damage.
The worker ant is heavily wounded.
The worker ant bites you!
* * * LOW HITPOINT WARNING * * *
It was a potion of cancellation.
Your magical effects are unravelling.
You feel magically purged.
You feel a little less agile now.
* * * LOW HITPOINT WARNING * * *
You feel sick. The worker ant closely misses you.
You riposte.
You barely miss the worker ant.
The worker ant is heavily wounded.
The worker ant bites you.
You die...

#.......#
.###....#..
.........#
#.# # #.# #
#.##.##.####
#...r.......
####a#######
#@# #.# #.#
#.# #.# ..#
###


You could see a worker ant and a quokka.

Vanquished Creatures
  2 orc wizards (D:3)
  A centaur skeleton (D:3)
  A worker ant (D:4)
  6 adders
  2 oozes (D:3)
  3 worms
  3 dart slugs
  3 leopard geckos
  An orc (D:3)
  A ball python (D:1)
  5 giant cockroaches
  8 goblins
  6 hobgoblins
  8 jackals
  5 quokkas
  5 bats
  3 frilled lizards
  7 kobolds
  3 rats
73 creatures vanquished.

Notes
Turn   | Place    | Note
-------+----------+-------------------------------------------
     0 | D:1      | 15 the Tengu Conjurer began the quest for the Orb.
     0 | D:1      | Reached XP level 1. HP: 10/10 MP: 4/4
   330 | D:1      | Reached XP level 2. HP: 15/15 MP: 4/6
   367 | D:1      | Learned a level 2 spell: Searing Ray
   824 | D:2      | Reached skill level 1 in Armour
   824 | D:2      | Reached XP level 3. HP: 20/20 MP: 2/7
   876 | D:2      | Learned a level 3 spell: Dazzling Flash
   904 | D:2      | Reached skill level 6 in Conjurations
  1122 | D:2      | Reached XP level 4. HP: 14/24 MP: 5/8
  1714 | D:3      | Found a hazy altar of Hepliaklqana.
  1855 | D:3      | Found a shimmering blue altar of Sif Muna.
  2608 | D:3      | Gained mutation: You can fly continuously. [Tengu growth]
  2608 | D:3      | Reached XP level 5. HP: 25/28 MP: 4/9
  2620 | D:3      | Reached skill level 1 in Fighting
  2633 | D:3      | HP: 1/29 [centaur skeleton (2)]
  3561 | D:3      | Reached skill level 1 in Short Blades
  4024 | D:3      | Reached XP level 6. HP: 24/34 MP: 6/10
  4025 | D:3      | Identified Sif Muna's Guide on Floating Confrontation
  4271 | D:4      | You are sucked into a shaft and drop 1 floor!
  4271 | D:5      | Entered Level 5 of the Dungeon
  4320 | D:4      | Slain by a worker ant

Levels and vault maps discovered:
D:1:      minmay_arrival_stair_chambers, layout_basic, serial_bayou_lagoon_b
D:2:      layout_basic, first_ration
D:3:      layout_loops_ring, led_sif_book, old_standard_altar, minmay_vboxes
D:4:      layout_loops_cross, yredelemnul_forgotten_temple_becter,
          minmay_temple_entry_glassed_door, biasface_ghost_orc_armoury,
          grunt_decor_fettered, bloody_makhleb
D:5:      layout_basic, serial_shops, shop, st_stairs_14, uniq_blork_the_orc

Skill      XL: |  1  2  3  4  5 |
---------------+----------------+-----
Armour         | 1 2 |  2.7
Conjurations   | 6 |  6.4
Stealth        | 3 |  3.3
Fighting       | 1 |  1.6
Short Blades   | 1 |  1.1
Long Blades    | |  0.2
Dodging        | |  2.6
Unarmed Combat | |  0.1
Spellcasting   | |  2.5
Hexes          | |  0.5

Action                   |  1- 3 |  4- 6 || total
-------------------------+-------+-------++-------
Melee: Spear             |     5 |       ||     5
       Kick              |    13 |    12 ||    25
       Unarmed           |     2 |       ||     2
       Peck              |     5 |     7 ||    12
       Dagger            |    39 |    30 ||    69
       Rapier            |       |    18 ||    18
       Great sword       |       |    14 ||    14
 Cast: Magic Dart        |    28 |    50 ||    78
       Searing Ray       |     4 |     8 ||    12
 Abil: Fly               |       |     1 ||     1
  Use: Scroll            |     4 |     2 ||     6
       Potion            |       |     3 ||     3
 Stab: Sleeping          |     3 |     4 ||     7
  Eat: Chunk             |     1 |     8 ||     9
       Ration            |       |     1 ||     1
Armor: Robe              |     4 |    18 ||    22
Dodge: Dodged            |    30 |    47 ||    77
       Rpst.: Great sword |       |     4 ||     4

Table legend:
 A = Non-vault XP
 B = Vault XP
 C = Vault XP percentage of total XP
 D = Non-vault monster count
 E = Vault monster count
 F = Vault count percentage of total count
                 A         B        C        D         E       F
            +---------+---------+-------+---------+---------+-------
      Total |     237 |     129 |  35.2 |      63 |      10 |  13.7
            +---------+---------+-------+---------+---------+-------
        D:1 |      32 |       0 |   0.0 |      17 |       0 |   0.0
        D:2 |      63 |       0 |   0.0 |      17 |       0 |   0.0
        D:3 |     106 |     129 |  54.9 |      27 |      10 |  27.0
        D:4 |      36 |       0 |   0.0 |       2 |       0 |   0.0
            +---------+---------+-------+---------+---------+-------
